 Dungeon Crawl Stone Soup version 0.23.0 (webtiles) character file.

Game seed: 6864870576456093577

2227 xccam the Ruffian (level 9, -3/73 HPs)
             Began as a White Draconian Transmuter on Feb 18, 2019.
             Was a Believer of Fedhas.
             Slain by an orc warrior
             ... wielding a +0 mace
              (7 damage)
             ... on level 6 of the Dungeon.
             The game lasted 00:16:35 (6848 turns).

xccam the Ruffian (White Draconian Transmuter)      Turns: 6848, Time: 00:16:36

Health: -3/73      AC:  8    Str: 14    XL:     9   Next: 14%
Magic:  13/13      EV: 14    Int: 15    God:    Fedhas [**....]
Gold:   303        SH:  0    Dex: 12    Spells: 11/14 levels left

rFire    . . .     SeeInvis +     - Unarmed
rCold    + . .     Gourm    .   (no shield)
rNeg     . . .     Faith    .   (armour unavailable)
rPois    .         Spirit   .   (helmet restricted)
rElec    .         Reflect  .   n - scarf {cloud immunity}
rCorr    .         Harm     .   (no gloves)
MR       +....                  z - +0 pair of boots
Stlth    +.........             (no amulet)
HPRegen  0.22/turn              j - ring of protection from magic
MPRegen  0.13/turn              y - ring of see invisible

@: no status effects
A: breathe frost, unfitting armour, cold resistance 1, cold-blooded, AC +7
a: Breathe Frost, Fungal Bloom, Sunlight, Evolution, Renounce Religion


You were on level 6 of the Dungeon.
You worshipped Fedhas.
Fedhas was pleased with you.
You were very hungry.

You visited 1 branch of the dungeon, and saw 7 of its levels.

You collected 383 gold pieces.
You spent 80 gold pieces at shops.

Inventory:

Missiles
 a - 96 arrows
Armour
 n - a scarf of cloud immunity (worn)
 z - a +0 pair of boots (worn)
Jewellery
 j - a ring of protection from magic (left hand)
 y - a ring of see invisible (right hand)
Wands
 m - a wand of random effects (4)
 t - a wand of flame (5)
 v - a wand of iceblast (9)
Scrolls
 d - a scroll of enchant weapon
 e - 2 scrolls of blinking
 f - 4 scrolls of remove curse
 h - 3 scrolls of teleportation {unknown}
 i - a scroll of enchant armour {unknown}
 q - a scroll of fear {unknown}
 w - a scroll of magic mapping {unknown}
Potions
 b - a potion of brilliance {unknown}
 g - a potion of might
 k - 2 potions of haste
 o - 3 potions of curing
 p - 2 potions of lignification
 r - 2 potions of heal wounds
 s - a potion of flight {unknown}
 u - a potion of magic {unknown}
Comestibles
 c - 11 rations


   Skills:
 + Level 4.8 Fighting
 + Level 4.4 Dodging
 + Level 7.5 Unarmed Combat
 - Level 3.0 Spellcasting
 - Level 6.1 Transmutations
 + Level 4.6 Invocations


You had 11 spell levels left.
You knew the following spells:

 Your Spells              Type           Power        Failure   Level  Hunger
a - Beastly Appendage     Tmut           ###...       1%          1    #......
b - Sticks to Snakes      Tmut           ###.....     2%          2    ##.....

Your spell library contained the following spells:

 Spells                   Type           Power        Failure   Level  Hunger
 Spider Form              Tmut/Pois      ##........   17%         3    ###....
 Blade Hands              Tmut           ###.......   41%         5    ######.
 Ice Form                 Ice/Tmut       ##......     50%         4    #####..


Dungeon Overview and Level Annotations

Branches:
Dungeon (7/15)             Temple (0/1) D:4

Altars:
Ashenzari
Elyvilon
Fedhas
Kikubaaqudgha
Nemelex Xobeh
Sif Muna
Vehumet
Xom
The Shining One

Shops:
D:4 !

Annotations:
D:7 1 runed translucent door, Terandir's ghost, novice MiFi


Innate Abilities, Weirdness & Mutations

You can breathe waves of freezing cold.
You can buffet flying creatures when you breathe cold.
Your icy white scales are hard. (AC +7)
You cannot fit into any form of body armour.
Your flesh is cold resistant. (rC+)
You are cold-blooded and may be slowed by cold attacks.


Message History

The orc wizard flickers and vanishes for a moment.
The orc warrior barely misses you. The orc warrior barely misses you.
The orc warrior closely misses you. The orc warrior misses you.
There is a stone staircase leading up here.
The orc warrior misses you.
You climb upwards.
There is a stone staircase leading down here.
The orc warrior hits you with a +0 mace.
The orc warrior misses you. The orc warrior closely misses you.
The orc warrior hits you with a +0 mace!
* * * LOW HITPOINT WARNING * * *
The orc warrior hits you with a +0 mace!
* * * LOW HITPOINT WARNING * * *
You are feeling very hungry.
The orc warrior hits you with a +0 mace!
You die...
Fedhas appreciates your contribution to the ecosystem.

#.# ######## #.# #.# #.#
#.# #.# ######.#
############
#...##.###...........
#.#o@...........#####
#<..##.###.####.#
##..............##
#..###.##>###...####
#####..###.##.# #.......
#......##...#.###...####
#.###.##...[............
#.# #.#......>.#########
#.# #..........#


You could see an orc warrior.

Vanquished Creatures
  A hippogriff (D:7)
  3 humans (D:6)
  2 sky beasts
  2 phantoms
  4 ogres
  A centaur (D:6)
  A bullfrog (D:6)
  A scorpion (D:5)
  3 howler monkeys
  A centaur zombie (D:6)
  An orc priest (D:6)
  A jelly (D:5)
  2 hounds
  2 orc wizards
  A gnoll shaman (D:5)
  A bullfrog skeleton (D:6)
  Ijyb (D:5)
  3 iguanas
  A worker ant (D:5)
  A worker ant zombie (D:5)
  6 adders
  3 shadow imps
  2 oozes
  An adder zombie (D:5)
  2 adder skeletons (D:5)
  4 worms
  6 leopard geckos
  7 orcs
  2 giant cockroaches
  9 goblins
  5 hobgoblins
  5 jackals
  4 kobolds
  2 quokkas
  6 bats
  3 frilled lizards
  A jackal skeleton (D:4)
  2 leopard gecko skeletons
  4 rats
107 creatures vanquished.

Vanquished Creatures (collateral kills)
  Edmund (D:5)
  A leopard gecko skeleton (D:6)
2 creatures vanquished.

Vanquished Creatures (others)
  44 toadstools
44 creatures vanquished.

Grand Total: 153 creatures vanquished

Notes
Turn   | Place    | Note
-------+----------+-------------------------------------------
     0 | D:1      | xccam the Draconian Transmuter began the quest for the Orb.
     0 | D:1      | Reached XP level 1. HP: 16/16 MP: 3/3
   437 | D:2      | Found a sparkling altar of Nemelex Xobeh.
   443 | D:2      | Found a faded altar of an unknown god.
   449 | D:2      | Reached XP level 2. HP: 20/23 MP: 5/5
   456 | D:2      | Became a worshipper of Fedhas Madash
   456 | D:2      | Reached * piety under Fedhas
   548 | D:2      | Found a shattered altar of Ashenzari.
   558 | D:2      | Found a blossoming altar of Fedhas.
   657 | D:2      | Found a white marble altar of Elyvilon.
   865 | D:2      | Reached skill level 4 in Unarmed Combat
   932 | D:2      | HP: 1/23 [worm (5)]
   936 | D:2      | Reached XP level 3. HP: 2/28 MP: 6/6
  1507 | D:3      | Found an ancient bone altar of Kikubaaqudgha.
  1770 | D:3      | Found a shimmering altar of Xom.
  1957 | D:3      | Reached ** piety under Fedhas
  2047 | D:3      | Reached XP level 4. HP: 32/35 MP: 7/7
  2413 | D:4      | Reached skill level 5 in Unarmed Combat
  2452 | D:4      | Noticed an ogre
  2650 | D:4      | Learned a level 2 spell: Sticks to Snakes
  2703 | D:4      | Found Eddugaq's Distillery.
  2711 | D:4      | Bought a potion of curing for 30 gold pieces
  2711 | D:4      | Bought a potion of heal wounds for 50 gold pieces
  2758 | D:4      | Found a glowing golden altar of the Shining One.
  2802 | D:4      | Found a radiant altar of Vehumet.
  2803 | D:4      | Noticed a sky beast
  2821 | D:4      | Killed a sky beast
  2821 | D:4      | Reached XP level 5. HP: 35/40 MP: 8/8
  2840 | D:4      | Killed an ogre
  2840 | D:4      | Reached skill level 6 in Unarmed Combat
  2840 | D:4      | Reached XP level 6. HP: 45/47 MP: 9/9
  2995 | D:4      | Found a staircase to the Ecumenical Temple.
  3361 | D:5      | Entered Level 5 of the Dungeon
  3435 | D:5      | Reached skill level 5 in Transmutations
  3583 | D:5      | Noticed Ijyb
  3606 | D:5      | Killed Ijyb
  3606 | D:5      | Your scales start taking on an icy white colour.
  3606 | D:5      | Reached XP level 7. HP: 29/52 MP: 10/10
  3606 | D:5      | Gained mutation: Your flesh is cold resistant. (rC+) [White
                  | Draconian growth]
  3752 | D:5      | Reached skill level 1 in Invocations
  3844 | D:5      | Found a deep blue altar of Sif Muna.
  3907 | D:5      | Noticed Edmund
  3926 | D:5      | Killed Edmund
  4470 | D:5      | Reached XP level 8. HP: 52/62 MP: 12/12
  5250 | D:6      | You fall through a shaft!
  5540 | D:6      | Reached skill level 7 in Unarmed Combat
  6282 | D:6      | Reached XP level 9. HP: 65/72 MP: 13/13
  6765 | D:7      | Found a runed translucent door.
  6825 | D:7      | Noticed Terandir's ghost (novice MiFi)
  6848 | D:6      | Slain by an orc warrior

Skill      XL: |  1  2  3  4  5  6  7  8 |
---------------+-------------------------+-----
Unarmed Combat | 4 5 6 7 |  7.5
Transmutations | 3 4 5 6 |  6.1
Dodging        | 2 4 |  4.4
Invocations    | 2 4 |  4.6
Fighting       | 2 4 |  4.8
Spellcasting   | 3 |  3.0

Action                   |  1- 3 |  4- 6 |  7- 9 || total
-------------------------+-------+-------+-------++-------
Melee: Unarmed           |   150 |   111 |   288 ||   549
       Tailslap          |    14 |    11 |    32 ||    57
       Kick              |     3 |       |     4 ||     7
       Punch             |       |     2 |    10 ||    12
       Headbutt          |       |       |     8 ||     8
 Cast: Beastly Appendage |     2 |       |    10 ||    12
       Sticks to Snakes  |       |       |     6 ||     6
Invok: Fungal Bloom      |    14 |     2 |    11 ||    27
 Abil: Breathe Frost     |       |       |    11 ||    11
Evoke: Wand              |     1 |    12 |    11 ||    24
  Use: Scroll            |     5 |       |     3 ||     8
 Stab: Confused          |       |     1 |     1 ||     2
       Distracted        |       |       |     2 ||     2
       Sleeping          |       |       |     1 ||     1
  Eat: Chunk             |     4 |       |    10 ||    14
       Ration            |       |     1 |     1 ||     2
Armor: Skin              |    39 |    26 |    53 ||   118
Dodge: Dodged            |    94 |    61 |   167 ||   322
